 Dungeon Crawl Stone Soup version 0.29.1-2-gbd0b4ee654 (webtiles) character file.

Game seed: 8141204333572741828

241 Bloodgem the Covered (level 5, -3/48 HPs)
             Began as a Minotaur Fighter on Oct 26, 2022.
             Slain by Grinder (7 damage)
             ... on level 3 of the Dungeon.
             The game lasted 00:03:08 (2600 turns).

Bloodgem the Covered (Minotaur Fighter)             Turns: 2600, Time: 00:03:08

Health: -3/48      AC:  7    Str: 22    XL:     5   Next: 80%
Magic:  4/4        EV:  9    Int:  5    God:
Gold:   132        SH:  5    Dex: 10    Spells: 4/4 levels left

rFire   . . .      SeeInvis .   a - +0 war axe
rCold   . . .      Faith    .   c - +0 buckler
rNeg    . . .      Spirit   .   b - +0 scale mail
rPois   .          Reflect  .   (helmet restricted)
rElec   .          Harm     .   (no cloak)
rCorr   .          Rampage  .   (no gloves)
Will    .....                   (no boots)
Stlth   ..........              (no amulet)
HPRegen 0.16/turn               (no ring)
MPRegen 0.09/turn               (no ring)

@: no status effects
A: horns 2, retaliatory headbutt
a: no special abilities


You were on level 3 of the Dungeon.
You visited 1 branch of the dungeon, and saw 4 of its levels.

You collected 132 gold pieces.

Inventory:

Hand Weapons
 a - a +0 war axe (weapon)
Armour
 b - a +0 scale mail (worn)
 c - a +0 buckler (worn)
Scrolls
 e - a scroll of noise {unknown}
 g - 7 scrolls of identify {unknown}
 h - a scroll of acquirement {unknown}
 k - a scroll of fear {unknown}
 l - a scroll of immolation {unknown}
 m - a scroll of amnesia {unknown}
 p - a scroll of blinking {unknown}
 r - a scroll of vulnerability {unknown}
Potions
 d - a potion of might
 f - a potion of lignification {unknown}
 i - a potion of degeneration {unknown}
 j - 5 potions of curing {unknown}
 n - a potion of haste {unknown}
 o - a potion of mutation {unknown}
 q - a potion of brilliance {unknown}


   Skills:
 + Level 5.0 Fighting
 + Level 4.2 Axes
 + Level 5.0 Armour
 + Level 5.0 Shields


You had 4 spell levels left.
You didn't know any spells.
Your spell library contained the following spells:

 Spells                   Type           Power      Damage    Failure   Level
 Apportation              Tloc           0%         N/A       86%         1
 Necrotise                Necr           0%         1d4       86%         1
 Summon Small Mammal      Summ           0%         N/A       86%         1
 Sublimation of Blood     Necr           0%         N/A       95%         2
 Dazzling Flash           Conj/Hex       0%         N/A       99%         3
 Petrify                  Tmut/Erth      0%         N/A       100%        4
 Agony                    Necr           0%         N/A       100%        5
 Irradiate                Conj/Tmut      0%         3d11      100%        5
 Silence                  Hex/Air        0%         N/A       100%        5


Dungeon Overview and Level Annotations

Branches:
Dungeon (4/15)
 Temple: D:4-7

Altars:

Annotations:
D:3 Grinder


Innate Abilities, Weirdness & Mutations

You have a pair of horns on your head.
You reflexively headbutt those who attack you in melee.


Message History

You slash the hobgoblin!
You kill the hobgoblin!
Grinder gestures at you. Pain shoots through your body!
You closely miss Grinder.
Grinder is moderately wounded.
Grinder gestures at you. Pain shoots through your body! Grinder hits you!
You writhe in agony.
You closely miss Grinder.
Grinder is moderately wounded.
Grinder barely misses you.
You closely miss Grinder.
Grinder is moderately wounded.
You block Grinder's attack.
You closely miss Grinder. Your headbutt misses Grinder.
Grinder is moderately wounded.
Grinder hits you. You block Grinder's attack.
You slash Grinder!
Grinder is heavily wounded.
Grinder hits you but does no damage.
You closely miss Grinder.
Grinder is heavily wounded.
You block Grinder's attack.
You completely miss Grinder. Your headbutt misses Grinder.
Grinder is heavily wounded.
Grinder hits you.
You writhe in agony.
Grinder hits you!
* * * LOW HITPOINT WARNING * * *
You writhe in agony.
* * * LOW HITPOINT WARNING * * *
You closely miss Grinder.
Grinder is heavily wounded.
Grinder hits you.
* * * LOW HITPOINT WARNING * * *
You slash Grinder!
Grinder is severely wounded.
Grinder hits you but does no damage.
You hit Grinder. You headbutt Grinder.
Grinder is almost dead.
Grinder hits you!
You die...

.#######+#+#..
.............#
.######......#
.#...........# ##.###..#
#5# .<......####.##
##.##.........#
#.#.........#########...
#.#..#.##..[..5@>.......
#.#..#..#.###.#######.#.
#.#..#.#.)..#.#
#.#.......#.#.##
#.#.......#.#..#
..........#.##.#
#.#######.#.##.# #
.##.##.# . . #.##{#


You could see Grinder.

Vanquished Creatures
  Sigmund (D:3)
  Robin (D:2)
  An adder (D:2)
  2 dart slugs (D:1)
  An orc (D:2)
  An endoplasm (D:1)
  12 goblins
  6 hobgoblins
  10 jackals
  4 kobolds (D:1)
  2 quokkas
  6 ball pythons
  2 bats (D:2)
  3 frilled lizards
  2 rats
54 creatures vanquished.

Notes
Turn   | Place    | Note
-------+----------+-------------------------------------------
     0 | D:1      | Bloodgem the Minotaur Fighter began the quest for the Orb.
     0 | D:1      | Reached XP level 1. HP: 19/19 MP: 0/0
   163 | D:1      | Reached XP level 2. HP: 27/27 MP: 1/1
   436 | D:1      | Found a faded altar of an unknown god.
   966 | D:2      | Reached XP level 3. HP: 13/33 MP: 2/2
   989 | D:2      | Noticed Robin
   998 | D:2      | Killed Robin
  1439 | D:2      | Reached XP level 4. HP: 41/41 MP: 3/3
  2086 | D:3      | Noticed Sigmund
  2109 | D:3      | HP: 2/41 [something/magic dart (6)]
  2454 | D:3      | Noticed Grinder
  2456 | D:3      | Killed Sigmund
  2457 | D:3      | Reached skill level 5 in Fighting
  2457 | D:3      | Reached skill level 5 in Armour
  2457 | D:3      | Reached skill level 5 in Shields
  2457 | D:3      | Reached XP level 5. HP: 30/48 MP: 4/4
  2600 | D:3      | Slain by Grinder

Illustrated notes

Levels and vault maps discovered:
D:1:      giann_bridges, layout_basic, shapermc_ecumenical_altar_acropolis,
          minmay_stone_trees_medium
D:2:      layout_loops_ring, st_stairs_1, uniq_robin
D:3:      layout_basic, uniq_sigmund, uniq_grinder
D:4:      layout_loops_ring, old_standard_altar, chequers_serial_rivers_micro_d,
          minivault_24

Skill      XL: |  1  2  3  4 |
---------------+-------------+-----
Fighting       | 4 5 |  5.0
Armour         | 4 5 |  5.0
Shields        | 4 5 |  5.0
Axes           | 3 4 |  4.2

Action                   |  1- 3 |  4- 6 || total
-------------------------+-------+-------++-------
Melee: War axe           |    93 |    51 ||   144
       Headbutt          |     9 |     4 ||    13
Armor: Scale mail        |    48 |    24 ||    72
Dodge: Dodged            |    61 |    20 ||    81
Block: Buckler           |    24 |    14 ||    38
